 Dungeon Sprint DCSS version 0.31-a0-115-g4708a659fe (webtiles) character file.

Game seed: 10922991360003327880

5784 Conn the Scorcher (level 10, 0/50 HPs)
             Began as an Octopode Fire Elementalist on May 29, 2023.
             Was a High Priest of Sif Muna.
             Shot with an arrow by a centaur warrior (25 damage)
             ... in the Dungeon (Sprint I: "Red Sonja").
             The game lasted 00:09:47 (1410 turns).

Conn the Scorcher (Octopode Fire Elementalist)      Turns: 1410, Time: 00:09:48

Health: 0/50       AC:  1    Str:  8    XL:     10   Next: 78%
Magic:  24/24      EV: 14    Int: 21    God:    Sif Muna [*****.]
Gold:   828        SH:  0    Dex: 11    Spells: 12/35 levels left

rFire   . . .        i - +0 short sword (distort)
rCold   . . .        (no shield)
rNeg    . . .        (helmet restricted)
rPois   .            (no amulet)
rElec   .            (no ring)
rCorr   .            (no ring)
SInv    .            (no ring)
Will    .....        (no ring)
Stlth   +++++        (no ring)
HPRegen 0.28/turn    (no ring)
MPRegen 0.19/turn    (no ring)
                     (no ring)

%: no teleportation
@: no status effects
A: almost no armour, amphibious, 8 rings, camouflage 1, gelatinous body 1,
(nimble swimmer 1), tentacles, clumsy 1, deterioration 1, frail 1, low MP 1,
subdued magic 1
a: Renounce Religion, Channel Magic, Forget Spell, Divine Exegesis


You were in the Dungeon.
You worshipped Sif Muna.
Sif Muna was extremely pleased with you.
You visited 1 branch You collected 828 gold pieces.

Inventory:

Hand Weapons
 i - a +0 short sword of distortion (weapon)
Missiles
 j - 4 curare-tipped darts (quivered)
Wands
 e - a wand of flame (13)
 l - a wand of polymorph (14)
Scrolls
 f - a scroll of blinking
 k - 2 scrolls of identify {unknown}
Potions
 a - 3 potions of magic
 b - 3 potions of curing
 c - a potion of heal wounds
 d - a potion of haste
 g - a potion of attraction {unknown}
 h - a potion of mutation {unknown}


   Skills:
 + Level 2.7 Throwing
 + Level 5.8 Dodging
 - Level 8.1 Stealth
 - Level 2.8 Unarmed Combat
 + Level 13.3 Spellcasting
 + Level 4.0 Conjurations
 - Level 1.8 Hexes
 + Level 15.8 Fire Magic
 * Level 7.0 Ice Magic
 * Level 7.7 Invocations


You had 12 spell levels left.
You knew the following spells:

 Your Spells              Type           Power      Damage    Failure   Level
a - Foxfire               Conj/Fire      100%       2x1d9     1%          1
b - Scorch                Fire           100%       2d9       0%          2
c - Inner Flame           Hex/Fire       39%        N/A       1%          3
d - Flame Wave            Conj/Fire      42%        2d11      1%          4
e - Ozocubu's Armour      Ice            33%        N/A       1%          3
f - Ozocubu's Refrigerat  Ice            16%        4d11      89%         7
g - Swiftness             Air            10%        N/A       12%         3

Your spell library contained the following spells:

 Spells                   Type           Power      Damage    Failure   Level
 Shock                    Conj/Air       68%        1d7       1%          1
 Volatile Blastmotes      Fire/Tloc      72%        2d16      1%          3
 Airstrike                Air            5%         2d(1-17)  38%         4


Dungeon Overview and Level Annotations

Branches:
Dungeon (1/1)

Altars:
Cheibriados
Dithmenos
Elyvilon
Fedhas
Gozag
Hepliaklqana
Kikubaaqudgha
Makhleb
Nemelex Xobeh
Okawaru
Qazlal
Ru
Sif Muna
Trog
Uskayaw
Vehumet
Wu Jian
Xom
Yredelemnul
Zin
The Shining One
Jiyva
Lugonu

Shops:
D ![(?([[


Innate Abilities, Weirdness & Mutations

You cannot wear most types of armour.
You are amphibious.
You can wear up to eight rings at the same time.
Your skin changes colour to match your surroundings (Stealth+).
Your rubbery body absorbs attacks. (AC +1, EV +1)
((You are camouflaged when in or above water. (Stealth+)))
You have tentacles for arms and can constrict up to eight enemies at once.
You are clumsy. (Dex -2)
Your body sometimes deteriorates upon taking damage.
You are frail. (-10% HP)
Your magical capacity is low. (-10% MP)
Your spells are a little easier to cast, but a little less powerful.


Message History

a +0 scythe; a +2 robe of willpower
There is an open door here.
There is an open door here.
There is a shimmering blue altar of Sif Muna here.
There is an open door here.
There is an entrance to Taura's Magic Scroll Emporium here.
Unknown command.
There is an open door here.
There is an open door, spattered with blood here.
There is a broken door here.
There is an entrance to Waxooc's Distillery here.
Unknown command.
There is a huge open gate here.
There is a huge open gate here.
There is an entrance to Cuzuket's Armour Shoppe here.
You can't go down here!
There is an entrance to Soelicekh's Weapon Emporium here.
Unknown command.
There is an entrance to Bonluwk's Armour Boutique here.
There is an entrance to Jehosuom's Weapon Shop here.
Unknown command.
There is a huge open gate here.
There is a huge open gate here.
There is a broken door here.
There is an open door here.
There is an open door here.
As you open the door, it creaks loudly!
A centaur warrior comes into view.
The centaur warrior shouts!
You hear a shout!
The centaur warrior wields a +0 orcbow.
The centaur warrior shoots an arrow.
The arrow hits you!!
Ouch! That really hurt!
A centaur warrior comes into view.
Unknown command.
Unknown command.
Found a scroll labelled EZOT ZOJIOSOAT.
There is an open door here.
The centaur warrior shoots an arrow.
The arrow hits you!!
Ouch! That really hurt!
You die...

#..#####'#####'#__####...+
#..####..#...#.####§[#####
#..#__####..##.#§§§.c
#..#_____##'#_.+§§§§
#⌠⌠#_.∩...'..._#~cc
####_..__##_.#'##§###
#_____###'#[#..§[###
############.####'###.##
#∩........'...'.@...'.∩#
###''''####...##########
#.......####.###
#........#.#'#.#
#..#.....#.....#
#........#..[(.#
#.....#..#######
#........# #..#.....#


You could see 2 centaur warriors.

Vanquished Creatures
  Sonja (D)
  A deep troll (D)
  8 shining eyes (D)
  2 kobold demonologists (D)
  A slime creature (D)
  Sigmund (D)
  A yak (D)
  5 floating eyes (D)
  An ogre (D)
  A jelly (D)
  Ijyb (D)
  2 ballistomycete spores (D)
25 creatures vanquished.

Vanquished Creatures (others)
  60 foxfires (D)
60 creatures vanquished.

Grand Total: 85 creatures vanquished

Notes
Turn   | Place    | Note
-------+----------+-------------------------------------------
     0 | D        | Conn the Octopode Fire Elementalist began the quest for the
                  | Orb.
     0 | D        | Reached XP level 1. HP: 11/11 MP: 3/3
     4 | D        | Noticed Ijyb
    12 | D        | Killed Ijyb
    13 | D        | Reached skill level 5 in Fire Magic
    13 | D        | Reached XP level 2. HP: 13/17 MP: 0/6
    13 | D        | Reached XP level 3. HP: 17/21 MP: 0/7
    69 | D        | Learned a level 2 spell: Scorch
    73 | D        | Learned a level 3 spell: Inner Flame
    73 | D        | Noticed an ogre
    77 | D        | Killed an ogre
    78 | D        | Reached skill level 1 in Unarmed Combat
    78 | D        | Reached skill level 7 in Fire Magic
    78 | D        | Reached XP level 4. HP: 27/27 MP: 1/10
   159 | D        | Noticed Sigmund
   162 | D        | Killed Sigmund
   163 | D        | Reached skill level 5 in Stealth
   163 | D        | Reached skill level 5 in Spellcasting
   163 | D        | Reached skill level 9 in Fire Magic
   163 | D        | Reached XP level 5. HP: 30/31 MP: 3/13
   163 | D        | Reached XP level 6. HP: 35/36 MP: 3/14
   243 | D        | Learned a level 4 spell: Flame Wave
   253 | D        | Found a shimmering blue altar of Sif Muna.
   254 | D        | Found an ornate altar of the Wu Jian Council.
   255 | D        | Found a radiant altar of Vehumet.
   260 | D        | Became a worshipper of Sif Muna the Loreminder
   292 | D        | Found Taura's Magic Scroll Emporium.
   292 | D        | Found an ancient bone altar of Kikubaaqudgha.
   292 | D        | Found a hazy altar of Hepliaklqana.
   292 | D        | Found a stormy altar of Qazlal.
   292 | D        | Found a hide-covered altar of Uskayaw.
   292 | D        | Found a blossoming altar of Fedhas.
   292 | D        | Found a bloodstained altar of Trog.
   292 | D        | Found an iron altar of Okawaru.
   292 | D        | Found a basalt altar of Yredelemnul.
   292 | D        | Found a glowing golden altar of the Shining One.
   292 | D        | Found a snail-covered altar of Cheibriados.
   292 | D        | Found a sacrificial altar of Ru.
   292 | D        | Found a glowing silver altar of Zin.
   292 | D        | Found a shadowy altar of Dithmenos.
   292 | D        | Found a white marble altar of Elyvilon.
   292 | D        | Noticed a yak
   301 | D        | Killed a yak
   302 | D        | Reached skill level 5 in Dodging
   302 | D        | Reached skill level 10 in Fire Magic
   302 | D        | Reached XP level 7. HP: 41/41 MP: 5/17
   308 | D        | Found an opulent altar of Gozag.
   309 | D        | Found a sparkling altar of Nemelex Xobeh.
   383 | D        | Noticed Sonja
   388 | D        | Killed Sonja
   389 | D        | Reached skill level 12 in Fire Magic
   389 | D        | Reached XP level 8. HP: 46/46 MP: 9/20
   506 | D        | Found Waxooc's Distillery.
   526 | D        | Noticed a deep troll
   540 | D        | Killed a deep troll
   540 | D        | Reached * piety under Sif Muna
   541 | D        | Reached skill level 10 in Spellcasting
   541 | D        | Reached skill level 1 in Hexes
   541 | D        | Reached skill level 13 in Fire Magic
   635 | D        | Found Fuqoepu's Armour Emporium.
   656 | D        | Learned a level 3 spell: Ozocubu's Armour
   664 | D        | Learned a level 7 spell: Ozocubu's Refrigeration
   676 | D        | Noticed a shining eye
   676 | D        | Noticed a shining eye
   676 | D        | Noticed a shining eye
   682 | D        | Noticed a shining eye
   685 | D        | Reached skill level 1 in Invocations
   688 | D        | Gained mutation: Your spells are a little easier to cast,
                  | but a little less powerful. [a shining eye]
   690 | D        | Killed a shining eye
   691 | D        | Reached skill level 1 in Throwing
   691 | D        | Reached XP level 9. HP: 51/51 MP: 5/23
   691 | D        | Paralysed by a floating eye for 3 turns
   692 | D        | Gained mutation: You are frail. (-10% HP) [a shining eye]
   693 | D        | Killed a shining eye
   693 | D        | Reached ** piety under Sif Muna
   694 | D        | Reached skill level 14 in Fire Magic
   697 | D        | Noticed a shining eye
   700 | D        | Gained mutation: Your body sometimes deteriorates upon
                  | taking damage. [a shining eye]
   701 | D        | Killed a shining eye
   702 | D        | Reached skill level 5 in Invocations
   705 | D        | Gained mutation: You are clumsy. (Dex -2) [a shining eye]
   708 | D        | Killed a shining eye
   708 | D        | Reached *** piety under Sif Muna
   709 | D        | Reached XP level 10. HP: 32/50 MP: 0/25
   856 | D        | Killed a shining eye
   857 | D        | Reached skill level 15 in Fire Magic
   857 | D        | Reached skill level 5 in Ice Magic
   861 | D        | Noticed a shining eye
   861 | D        | Noticed a shining eye
   861 | D        | Noticed a shining eye
   865 | D        | Paralysed by a floating eye for 2 turns
   871 | D        | Paralysed by a floating eye for 4 turns
   878 | D        | Paralysed by a floating eye for 2 turns
   884 | D        | Paralysed by a floating eye for 3 turns
   893 | D        | Gained mutation: Your magical capacity is low. (-10% MP) [a
                  | shining eye]
   895 | D        | Killed a shining eye
   895 | D        | Killed a shining eye
   895 | D        | Reached **** piety under Sif Muna
   910 | D        | Killed a shining eye
  1076 | D        | Found Cuzuket's Armour Shoppe.
  1076 | D        | Found Jehosuom's Weapon Shop.
  1076 | D        | Found Soelicekh's Weapon Emporium.
  1076 | D        | Found Bonluwk's Armour Boutique.
  1166 | D        | Found a burning altar of Makhleb.
  1166 | D        | Found a viscous altar of Jiyva.
  1166 | D        | Found a shimmering altar of Xom.
  1166 | D        | Found a corrupted altar of Lugonu.
  1223 | D        | Noticed a kobold demonologist
  1226 | D        | Noticed a kobold demonologist
  1231 | D        | Killed a kobold demonologist
  1231 | D        | Reached ***** piety under Sif Muna
  1231 | D        | Killed a kobold demonologist
  1231 | D        | Received a gift from Sif Muna
  1253 | D        | Learned a level 3 spell: Swiftness
  1408 | D        | Noticed a centaur warrior
  1408 | D        | Noticed a centaur warrior
  1410 | D        | Shot with an arrow by a centaur warrior

Illustrated notes

Levels and vault maps discovered:
D:        dungeon_sprint_1 [red_sonja_temple_1, red_sonja_temple_small_1]

Skill      XL: |  1  2  3  4  5  6  7  8  9 10 |
---------------+-------------------------------+-----
Stealth        | 3 4 5 6 7 8 |  8.1
Spellcasting   | 3 4 5 7 8 10 11 13 | 13.3
Fire Magic     | 5 7 9 10 12 13 14 15 | 15.8
Dodging        | 3 4 5 |  5.8
Unarmed Combat | 1 2 |  2.8
Conjurations   | 2 3 4 |  4.0
Hexes          | 1 |  1.8
Invocations    | 3 5 7 |  7.7
Throwing       | 1 2 |  2.7
Ice Magic      | 2 4 7 |  7.0

Action                     |  1- 3 |  4- 6 |  7- 9 | 10-12 || total
---------------------------+-------+-------+-------+-------++-------
  Melee: Unarmed           |     4 |       |       |       ||     4
         Tentacles         |     1 |       |     1 |       ||     2
         Short sword       |       |       |     2 |     1 ||     3
         Constrict         |       |       |     1 |       ||     1
  Throw: Dart              |       |       |     3 |     4 ||     7
   Cast: Foxfire           |     3 |     4 |    12 |    24 ||    43
         Scorch            |     1 |     8 |     4 |     3 ||    16
         Inner Flame       |     1 |       |     7 |    16 ||    24
         Flame Wave        |       |       |     2 |       ||     2
 Invoke: Channel Magic     |       |       |       |     1 ||     1
    Use: Potion            |     1 |       |       |       ||     1
  Dodge: Dodged            |     1 |       |       |       ||     1

Table legend: (Time is in decaauts)
 A = Elapsed time spent in this place.
 B = Non-inter-level travel time spent in this place.
 C = Inter-level travel time spent in this place.
 D = Time resting spent in this place.
 E = Time spent auto-exploring this place.
 F = Levels seen in this place.
 G = Mean time per level.
                   A        B        C        D        E       F      G
               +--------+--------+--------+--------+--------+-----+--------+
         Total |   1418 |   1418 |      0 |    640 |      0 |   1 | 1418.0 |
       Dungeon |   1418 |   1418 |      0 |    640 |      0 |   1 | 1418.0 |
               +--------+--------+--------+--------+--------+-----+--------+

Top non-repeatable levels by time:
       D: 1418 daAuts
